Map: Catalyst LE

Players

Dark

  • Race: Zerg Zerg
  • Spawn Location: 11:00

Maru - Winner!

  • Race: Terran Terran
  • Spawn Location: 5:00

Event: WESG 2017 Haikou

VOD

Have the link to the VOD?

Description

Time

  • Played on: March 17, 2018, 11:01 p.m.
  • Length: 6:39

All games in this series

Show
View Real Time Build Order
Export as new Build Order

Dark Zerg 

Build Orders: Hatch First 

Get SALT Encoding   

  12  0:00  Drone  
  13  0:13  Overlord  
  13  0:17  Drone  
  14  0:31  Drone  
  14  0:32  Drone  
  16  0:36  Drone  
  17  0:53  Hatchery  
  17  0:55  Drone  
  17  0:59  Drone  
  18  1:10  Extractor  
  17  1:13  Spawning Pool  
  17  1:16  Drone  
  17  1:20  Drone  
  18  1:32  Drone  
  19  1:44  Drone  
  20  1:51  Drone  
  21  2:00  Extractor  
  20  2:02  Zergling x2  
  20  2:04  Queen  
  20  2:07  Queen  
  25  2:10  Roach Warren, Zergling x2  
  25  2:12  Zergling x2  
  26  2:25  Drone  
  27  2:34  Overlord  
  27  2:39  Overlord  
  27  2:54  Roach x3  
  33  3:09  Roach x2  
  36  3:30  Overlord  
  36  3:48  Queen  
  36  3:51  Hatchery  
  37  4:01  Drone x3  
  40  4:08  Drone  
  41  4:11  Metabolic Boost  
  41  4:23  Roach x2  
  45  4:28  Pneumatized Carapace  
  45  4:36  Evolution Chamber  
  44  4:43  Overlord  
  44  4:44  Overlord  
  44  5:03  Roach x2  
  44  5:04  Roach  
  50  5:14  Zergling x4  
  52  5:18  Spore Crawler  
  52  5:20  Zergling x2  
  52  5:27  Ravager  
  52  5:28  Ravager x5  
  58  5:29  Ravager  
  59  5:37  Zergling x4  
  29  6:06  Roach x2  
  29  6:07  Roach  
  29  6:10  Roach x2  
  33  6:17  Roach  
Show
View Real Time Build Order
Export as new Build Order

Maru Terran - Winner!

Build Orders:  

Get SALT Encoding   

  12  0:00  SCV  
  13  0:12  SCV  
  14  0:17  Supply Depot  
  14  0:24  SCV  
  15  0:40  Barracks  
  15  0:42  SCV  
  16  0:55  Barracks  
  16  0:58  SCV  
  17  1:04  Refinery  
  17  1:10  SCV  
  18  1:26  Marine, Orbital Command  
  19  1:38  Supply Depot  
  19  1:41  Marine  
  19  1:44  Marine  
  21  1:48  Bunker  
  21  1:52  SCV  
  22  1:59  Marine  
  23  2:02  Marine  
  24  2:09  Factory  
  24  2:14  SCV  
  25  2:26  SCV, Refinery  
  26  2:35  Marine x2  
  28  2:37  Bunker  
  28  2:38  SCV  
  29  2:49  Supply Depot  
  29  2:56  Factory Reactor  
  29  2:59  Starport  
  29  3:04  SCV  
  30  3:16  SCV  
  31  3:28  SCV  
  31  3:32  Cyclone  
  31  3:33  Cyclone  
  38  3:36  Supply Depot  
  38  3:40  Starport Tech Lab  
  38  3:48  SCV  
  39  3:55  Command Center  
  39  4:01  Cloaking Field  
  39  4:13  Banshee  
  42  4:18  Hellion  
  42  4:19  Hellion  
  47  4:28  Supply Depot  
  47  4:30  SCV  
  47  4:35  Armory  
  47  4:37  Barracks Tech Lab  
  47  4:49  Hellion x2  
  47  4:50  SCV  
  52  4:58  Banshee  
  55  5:07  SCV  
  56  5:14  Marine  
  56  5:16  Hellion  
  56  5:19  SCV  
  56  5:20  Hellion  
  62  5:29  Orbital Command  
  62  5:40  SCV  
  62  5:50  Banshee  
  62  5:52  SCV  
  59  5:59  SCV  
  59  6:00  Marine  
  59  6:01  Cyclone  
  58  6:04  SCV  
  60  6:11  SCV  
  60  6:12  Supply Depot  
  60  6:18  SCV, Marine  
  64  6:23  SCV  
  66  6:30  Command Center  
Tags
 
Add a new tag
Caveats
  • Supply blocks, unpowered buildings, or Contaminate may cause inaccurate times.
  • Supply counts are checked every 10 seconds.